TOP OF THE 1ST |
Vermont Lake Monsters batting - Pitching for Chicago (NYP) White Sox : RHP Travis Stump
|
Pitching: RHP Travis Stump
|
|
Batting: LHB Jonathan McDaniel
|
0-0: Called Strike 0-1: Ball 1-1: Ball 2-1: Foul Ball, location: 2F 2-2: Foul Ball, location: 2F 2-2: Strikes out swinging
|
Batting: RHB Armando Estrada
|
0-0: Ball 1-0: Called Strike 1-1: Swinging Strike 1-2: Ball 2-2: Strikes out swinging
|
Batting: LHB Chance Stever
|
0-0: Called Strike 0-1: Ball 1-1: Foul Ball, location: 2F 1-2: Ground out U3 (Groundball, 34S, EV 86.2 MPH)
|
Top of the 1st over - 0 runs, 0 hits, 0 errors, 0 left on base; Vermont 0 - Chicago (NYP) 0 |
BOTTOM OF THE 1ST |
Chicago (NYP) White Sox batting - Pitching for Vermont Lake Monsters : RHP Nick Cunningham
|
Pitching: RHP Nick Cunningham
|
|
Batting: SHB Ruben Velasco Jr.
|
0-0: Ball 1-0: Swinging Strike 1-1: Ball 2-1: Foul Ball, location: 2F 2-2: Fly out, F8 (Flyball, 8RXD, EV 91.2 MPH)
|
Batting: LHB Matt Hyde
|
0-0: Called Strike 0-1: Ball 1-1: Foul Ball, location: 2F 1-2: Foul Ball, location: 2F 1-2: Strikes out swinging
|
Batting: LHB Josh Pittman
|
0-0: Ball 1-0: Fly out, F5 (Line Drive, 5, EV 68.8 MPH)
|
Bottom of the 1st over - 0 runs, 0 hits, 0 errors, 0 left on base; Vermont 0 - Chicago (NYP) 0 |
TOP OF THE 2ND |
Vermont Lake Monsters batting - Pitching for Chicago (NYP) White Sox : RHP Travis Stump
|
Batting: RHB Jonathan Gallup
|
0-0: Ball 1-0: Fly out, F8 (Flyball, 78S, EV 83.1 MPH)
|
Batting: RHB Eduardo Chavez
|
0-0: Ball 1-0: Fly out, F8 (Flyball, 78XD, EV 99.4 MPH)
|
Batting: RHB Tony Moran
|
0-0: Swinging Strike 0-1: Ball 1-1: Called Strike 1-2: Foul Ball, location: 2F 1-2: Ball 2-2: Fly out, F9 (Flyball, 89XD, EV 96.9 MPH)
|
Top of the 2nd over - 0 runs, 0 hits, 0 errors, 0 left on base; Vermont 0 - Chicago (NYP) 0 |
BOTTOM OF THE 2ND |
Chicago (NYP) White Sox batting - Pitching for Vermont Lake Monsters : RHP Nick Cunningham
|
Batting: LHB Ryan Dyal
|
0-0: Ball 1-0: Foul Ball, location: 2F 1-1: Ball 2-1: DOUBLE (Line Drive, 7LM, EV 104.4 MPH)
|
Batting: RHB Vic Lucatero
|
0-0: Ball 1-0: Ball 2-0: Swinging Strike 2-1: SINGLE (Flyball, 34D, EV 96.9 MPH) - OUT at second base trying to stretch hit. Ryan Dyal scores
|
Batting: LHB Herkko Haavikko
|
0-0: Fly out, F8 (Flyball, 8LD, EV 86.9 MPH)
|
Batting: RHB Yorkis Saiki
|
0-0: Ball 1-0: Foul Ball, location: 2F 1-1: Ball 2-1: Ground out 6-3 (Groundball, 6M, EV 112.5 MPH)
|
Bottom of the 2nd over - 1 run, 2 hits, 0 errors, 0 left on base; Vermont 0 - Chicago (NYP) 1 |
TOP OF THE 3RD |
Vermont Lake Monsters batting - Pitching for Chicago (NYP) White Sox : RHP Travis Stump
|
Batting: LHB Larry Prey
|
0-0: Foul Ball, location: 2F 0-1: Ball 1-1: Fly out, F7 (Flyball, 7LM, EV 92.5 MPH)
|
Batting: RHB Antonio Bautista
|
0-0: Fly out, F8 (Line Drive, 8RM, EV 101.2 MPH)
|
Batting: LHB Raita Inouye
|
0-0: Ball 1-0: Foul Ball, location: 2F 1-1: DOUBLE (Line Drive, 9LS, EV 87.5 MPH)
|
Batting: LHB Jonathan McDaniel
|
0-0: Ground out 3-1 (Groundball, 34, EV 88.1 MPH)
|
Top of the 3rd over - 0 runs, 1 hit, 0 errors, 1 left on base; Vermont 0 - Chicago (NYP) 1 |
BOTTOM OF THE 3RD |
Chicago (NYP) White Sox batting - Pitching for Vermont Lake Monsters : RHP Nick Cunningham
|
Batting: LHB Adam Tarbutton
|
0-0: Foul Ball, location: 2F 0-1: Foul Ball, location: 2F 0-2: Ball 1-2: Strikes out looking
|
Batting: RHB Victor Orozco
|
0-0: Ball 1-0: Foul Ball, location: 2F 1-1: Ball 2-1: Ball 3-1: Base on Balls
|
Batting: SHB Ruben Velasco Jr.
|
0-0: Ball 1-0: Foul Ball, location: 2F 1-1: Called Strike 1-2: Foul Ball, location: 2F 1-2: TRIPLE (Flyball, 7LD, EV 104.4 MPH) Victor Orozco scores
|
Batting: LHB Matt Hyde
|
0-0: Ball 1-0: Called Strike 1-1: Fly out, F9 (Flyball, 9, EV 79.4 MPH)
|
Batting: LHB Josh Pittman
|
0-0: Fly out, F7 (Flyball, 78M, EV 90.0 MPH)
|
Bottom of the 3rd over - 1 run, 1 hit, 0 errors, 1 left on base; Vermont 0 - Chicago (NYP) 2 |
TOP OF THE 4TH |
Vermont Lake Monsters batting - Pitching for Chicago (NYP) White Sox : RHP Travis Stump
|
Batting: RHB Armando Estrada
|
0-0: DOUBLE (Groundball, 5L, EV 106.2 MPH)
|
Batting: LHB Chance Stever
|
0-0: Ball 1-0: Called Strike 1-1: Hit by Pitch
|
Batting: RHB Jonathan Gallup
|
0-0: Ball Wild Pitch! Armando Estrada to third Chance Stever to second 1-0: Foul Ball, location: 2F 1-1: Foul Ball, location: 2F 1-2: Foul Ball, location: 2F 1-2: Strikes out swinging
|
Batting: RHB Eduardo Chavez
|
0-0: Hit by Pitch
|
Batting: RHB Tony Moran
|
0-0: Ball 1-0: Ball 2-0: Swinging Strike 2-1: Foul Ball, location: 2F 2-2: Ball 3-2: Base on Balls Armando Estrada scores Chance Stever to third Eduardo Chavez to second
|
Batting: LHB Larry Prey
|
0-0: Foul Ball, location: 2F 0-1: Ball 1-1: Swinging Strike 1-2: SINGLE (Groundball, 4M, EV 97.5 MPH) Chance Stever scores Eduardo Chavez to third Tony Moran to second Runner from 3rd tries for Home, throw by CF and OUT! 8-2
|
Batting: RHB Antonio Bautista
|
0-0: Ball 1-0: Ball 2-0: Ball 3-0: Foul Ball, location: 2F 3-1: Foul Ball, location: 2F 3-2: Strikes out swinging
|
Top of the 4th over - 2 runs, 2 hits, 0 errors, 2 left on base; Vermont 2 - Chicago (NYP) 2 |
BOTTOM OF THE 4TH |
Chicago (NYP) White Sox batting - Pitching for Vermont Lake Monsters : RHP Nick Cunningham
|
Batting: LHB Ryan Dyal
|
0-0: Called Strike 0-1: Ball 1-1: Ball 2-1: Foul Ball, location: 2F 2-2: SINGLE (Groundball, 56D, EV 101.9 MPH)
|
Batting: RHB Vic Lucatero
|
0-0: Ball 1-0: Fielders Choice at 2nd, 1-6 (Groundball, 34S, EV 70.6 MPH)
|
Batting: LHB Herkko Haavikko
|
0-0: Called Strike 0-1: Swinging Strike 0-2: Ball Wild Pitch! Vic Lucatero to second 1-2: Strikes out swinging
|
Batting: RHB Yorkis Saiki
|
0-0: Ball 1-0: DOUBLE (Line Drive, 9LS, EV 104.4 MPH) Vic Lucatero scores
|
Batting: LHB Adam Tarbutton
|
0-0: Ball 1-0: Foul Ball, location: 2F 1-1: Ground out 1-3 (Groundball, 13S, EV 71.9 MPH)
|
Bottom of the 4th over - 1 run, 2 hits, 0 errors, 1 left on base; Vermont 2 - Chicago (NYP) 3 |
TOP OF THE 5TH |
Vermont Lake Monsters batting - Pitching for Chicago (NYP) White Sox : RHP Travis Stump
|
Batting: LHB Raita Inouye
|
0-0: Foul Ball, location: 2F 0-1: Called Strike 0-2: Foul Ball, location: 2F 0-2: Fly out, F9 (Flyball, 9, EV 93.8 MPH)
|
Batting: LHB Jonathan McDaniel
|
0-0: Ball 1-0: Ball 2-0: Called Strike 2-1: Ball 3-1: Called Strike 3-2: Foul Ball, location: 2F 3-2: Fly out, F8 (Flyball, 8RXD, EV 91.9 MPH)
|
Batting: RHB Armando Estrada
|
0-0: Called Strike 0-1: Fly out, F8 (Flyball, 8LS, EV 71.9 MPH)
|
Top of the 5th over - 0 runs, 0 hits, 0 errors, 0 left on base; Vermont 2 - Chicago (NYP) 3 |
BOTTOM OF THE 5TH |
Chicago (NYP) White Sox batting - Pitching for Vermont Lake Monsters : RHP Nick Cunningham
|
Batting: RHB Victor Orozco
|
0-0: Ball 1-0: Ball 2-0: Ball 3-0: Called Strike 3-1: Foul Ball, location: 2F 3-2: Ground out 5-3 (Groundball, 5S, EV 82.5 MPH)
|
Batting: SHB Ruben Velasco Jr.
|
0-0: Called Strike 0-1: Called Strike 0-2: Ball 1-2: Strikes out looking
|
Batting: LHB Matt Hyde
|
0-0: Ground out 4-3 (Groundball, 4, EV 85.0 MPH)
|
Bottom of the 5th over - 0 runs, 0 hits, 0 errors, 0 left on base; Vermont 2 - Chicago (NYP) 3 |
TOP OF THE 6TH |
Vermont Lake Monsters batting - Pitching for Chicago (NYP) White Sox : RHP Travis Stump
|
Batting: LHB Chance Stever
|
0-0: Foul Ball, location: 2F 0-1: Ball 1-1: Ball 2-1: Ball 3-1: Swinging Strike 3-2: Strikes out swinging
|
Batting: RHB Jonathan Gallup
|
0-0: Ball 1-0: Foul Ball, location: 2F 1-1: Called Strike 1-2: Ground out 6-3 (Groundball, 6, EV 83.8 MPH)
|
Batting: RHB Eduardo Chavez
|
0-0: Foul Ball, location: 2F 0-1: Ball 1-1: Ground out 6-3 (Groundball, 6, EV 103.8 MPH)
|
Top of the 6th over - 0 runs, 0 hits, 0 errors, 0 left on base; Vermont 2 - Chicago (NYP) 3 |
BOTTOM OF THE 6TH |
Chicago (NYP) White Sox batting - Pitching for Vermont Lake Monsters : RHP Nick Cunningham
|
Batting: LHB Josh Pittman
|
0-0: Swinging Strike 0-1: Ball 1-1: Foul Ball, location: 2F 1-2: Strikes out swinging
|
Batting: LHB Ryan Dyal
|
0-0: Swinging Strike 0-1: Called Strike 0-2: Fly out, F5 (Line Drive, 5, EV 75.6 MPH)
|
Batting: RHB Vic Lucatero
|
0-0: DOUBLE (Flyball, 8RXD, EV 88.8 MPH)
|
Batting: LHB Herkko Haavikko
|
0-0: Called Strike 0-1: Ball 1-1: Called Strike 1-2: Ball 2-2: Ball 3-2: Strikes out swinging
|
Bottom of the 6th over - 0 runs, 1 hit, 0 errors, 1 left on base; Vermont 2 - Chicago (NYP) 3 |
TOP OF THE 7TH |
Vermont Lake Monsters batting - Pitching for Chicago (NYP) White Sox : RHP Travis Stump
|
Batting: RHB Tony Moran
|
0-0: Called Strike 0-1: Ground out 6-3 (Groundball, 6, EV 83.8 MPH)
|
Batting: LHB Larry Prey
|
0-0: Ball 1-0: Foul Ball, location: 2F 1-1: Ball 2-1: Ground out 4-3 (Groundball, 4, EV 86.2 MPH)
|
Batting: RHB Antonio Bautista
|
0-0: Foul Ball, location: 2F 0-1: Ball 1-1: Called Strike 1-2: Strikes out looking
|
Top of the 7th over - 0 runs, 0 hits, 0 errors, 0 left on base; Vermont 2 - Chicago (NYP) 3 |
BOTTOM OF THE 7TH |
Chicago (NYP) White Sox batting - Pitching for Vermont Lake Monsters : RHP Nick Cunningham
|
Batting: RHB Yorkis Saiki
|
0-0: Swinging Strike 0-1: Foul Ball, location: 2F 0-2: Ground out 4-3 (Groundball, 4, EV 85.6 MPH)
|
Batting: LHB Adam Tarbutton
|
0-0: Ball 1-0: Ball 2-0: Ground out 6-3 (Groundball, 6S, EV 66.2 MPH)
|
Batting: RHB Victor Orozco
|
0-0: Foul Ball, location: 2F 0-1: Ball 1-1: Ball 2-1: Swinging Strike 2-2: Strikes out swinging
|
Bottom of the 7th over - 0 runs, 0 hits, 0 errors, 0 left on base; Vermont 2 - Chicago (NYP) 3 |
TOP OF THE 8TH |
Vermont Lake Monsters batting - Pitching for Chicago (NYP) White Sox : RHP Travis Stump
|
Batting: LHB Raita Inouye
|
0-0: Ball 1-0: Called Strike 1-1: Called Strike 1-2: Ball 2-2: Ball 3-2: SINGLE (Line Drive, 9LM, EV 105.6 MPH)
|
Pitching: LHP Martin Cotado
|
|
Batting: LHB Jonathan McDaniel
|
0-0: Bunted foul 0-1: Ball 1-1: Ball 2-1: Bunted foul 2-2: Ball 3-2: Fielders Choice at 2nd, 2-6 (Groundball, 2R, EV 70.6 MPH)
|
Pitching: RHP Greg Waters
|
|
Batting: RHB Armando Estrada
|
0-0: Ball 1-0: Ball 2-0: Bunt missed! 2-1: Bunted foul 2-2: Strikes out swinging
|
Pitching: LHP Nick Egner
|
|
Pinch Hitting: RHB Casey Nicita
|
0-0: Ball 1-0: Foul Ball, location: 2F 1-1: Ball 2-1: Ground out 6-3 (Groundball, 56S, EV 83.8 MPH)
|
Top of the 8th over - 0 runs, 1 hit, 0 errors, 1 left on base; Vermont 2 - Chicago (NYP) 3 |
BOTTOM OF THE 8TH |
Chicago (NYP) White Sox batting - Pitching for Vermont Lake Monsters : RHP Nick Cunningham
|
Pitching: RHP Adrian Frazier
|
|
Now in LF: Carlos Martinez
|
|
Batting: SHB Ruben Velasco Jr.
|
0-0: Ball 1-0: Called Strike 1-1: Ball 2-1: Fly out, F7 (Flyball, 78M, EV 81.2 MPH)
|
Batting: LHB Matt Hyde
|
0-0: Called Strike 0-1: Ball 1-1: Called Strike 1-2: Ball 2-2: Foul Ball, location: 2F 2-2: Ball 3-2: Strikes out swinging
|
Batting: LHB Josh Pittman
|
0-0: Ball 1-0: Foul Ball, location: 2F 1-1: Ball 2-1: Ground out 5-3 (Groundball, 56, EV 101.9 MPH)
|
Bottom of the 8th over - 0 runs, 0 hits, 0 errors, 0 left on base; Vermont 2 - Chicago (NYP) 3 |
TOP OF THE 9TH |
Vermont Lake Monsters batting - Pitching for Chicago (NYP) White Sox : LHP Nick Egner
|
Pitching: RHP Nate Ragain
|
|
Now at 2B: Ryan Dyal
|
|
Now at SS: Carsten Koers
|
|
Now in LF: Vic Lucatero
|
|
Now in RF: Ruben Velasco Jr.
|
|
Batting: RHB Jonathan Gallup
|
0-0: Ball 1-0: Called Strike 1-1: Swinging Strike 1-2: Fly out, F9 (Flyball, 9LM, EV 87.5 MPH)
|
Batting: RHB Eduardo Chavez
|
0-0: Ground out 4-3 (Groundball, 4M, EV 103.1 MPH)
|
Batting: RHB Tony Moran
|
0-0: Called Strike 0-1: Ball 1-1: Ground out U3 (Groundball, 3, EV 80.6 MPH)
|
Top of the 9th over - 0 runs, 0 hits, 0 errors, 0 left on base; Vermont 2 - Chicago (NYP) 3 |
|